 Dungeon Crawl Stone Soup version 0.30-a0-137-gd8773701ce (webtiles) character file.

Game seed: 17777147331811449785

88 Colgate the Insei (level 4, -3/28 HPs)
             Began as an Octopode Transmuter on Sept 23, 2022.
             Was an Initiate of Gozag.
             Frozen to death by an endoplasm (4 damage)
             ... on level 3 of the Dungeon.
             The game lasted 00:08:48 (2623 turns).

Colgate the Insei (Octopode Transmuter)             Turns: 2623, Time: 00:08:49

Health: -3/28      AC:  2    Str: 15    XL:     4   Next: 54%
Magic:  3/7        EV: 19    Int: 17    God:    Gozag
Gold:   249        SH:  0    Dex: 17    Spells: 1/7 levels left

rFire   . . .      SeeInvis .      - Unarmed
rCold   . . .      Faith    .    (shield currently unavailable)
rNeg    . . .      Spirit   .    (helmet currently unavailable)
rPois   x          Reflect  .    i - amulet of regeneration
rElec   .          Harm     .    c - +6 ring of strength
rCorr   .          Rampage  .    (no ring)
Will    .....                    (no ring)
Stlth   ++........               (no ring)
HPRegen 0.89/turn                (no ring)
MPRegen 0.10/turn                (no ring)
                                 (no ring)
                                 (no ring)

@: lethally poisoned (-3 -> -4), spider-form (expiring), wereblooded, gold aura
A: venomous fangs, almost no armour, (amphibious), 8 rings, tiny, (camouflage
1), (gelatinous body 1), (nimble swimmer 1), (tentacles)
a: End Transformation, Renounce Religion, Potion Petition, Call Merchant, Bribe
Branch


You were on level 3 of the Dungeon.
You worshipped Gozag.
Gozag was aware of your devotion.
You were a venomous arachnid creature.
You visited 1 branch of the dungeon, and saw 3 of its levels.

You collected 249 gold pieces.

Inventory:

Jewellery
 c - a +6 ring of strength (left front leg)
 i - an amulet of regeneration (around neck)
Scrolls
 b - a scroll of enchant armour {unknown}
 e - a scroll of amnesia {unknown}
 f - a scroll of fear {unknown}
 g - a scroll of poison {unknown}
 h - 3 scrolls of identify {unknown}
 j - a scroll of vulnerability {unknown}
 k - a scroll of immolation {unknown}
Potions
 a - 2 potions of lignification
 d - 2 potions of degeneration {unknown}
 l - a potion of invisibility {unknown}
 m - 2 potions of curing {unknown}


   Skills:
 - Level 1.0 Fighting
 - Level 2.0 Dodging
 - Level 1.3 Stealth
 - Level 4.0 Unarmed Combat
 - Level 2.0 Spellcasting
 + Level 3.5 Transmutations


You had one spell level left.
You knew the following spells:

 Your Spells              Type           Power      Damage    Failure   Level
a - Beastly Appendage     Tmut           26%        N/A       14%         1
b - Wereblood             Tmut           13%        N/A       19%         2
c - Spider Form           Tmut/Pois      7%         N/A       50%         3

Your spell library contained the following spells:

 Spells                   Type           Power      Damage    Failure   Level
 Apportation              Tloc           2%         N/A       38%         1
 Necrotise                Necr           4%         1d4       38%         1
 Summon Small Mammal      Summ           4%         N/A       38%         1
 Sublimation of Blood     Necr           1%         N/A       50%         2
 Ice Form                 Ice/Tmut       7%         N/A       85%         4
 Petrify                  Tmut/Erth      7%         N/A       85%         4
 Irradiate                Conj/Tmut      3%         3d12      99%         5
 Fireball                 Conj/Fire      0%         3d3       100%        5
 Starburst                Conj/Fire      0%         6d3       100%        6
 Ignition                 Fire           0%         3d3       100%        8


Dungeon Overview and Level Annotations

Branches:
Dungeon (3/15)

Altars:
Gozag

Annotations:
D:2 Sigmund


Innate Abilities, Weirdness & Mutations

You are a venomous arachnid creature.
You have poisonous fangs.
You are tiny and dextrous.
Your spellcasting is less reliable in this form.
Your armour is entirely melded.
You are incapable of wielding weapons or throwing items.
You cannot wear most types of armour.
((You are amphibious.))
You can wear up to eight rings at the same time.
((Your skin changes colour to match your surroundings (Stealth+).))
((Your rubbery body absorbs attacks. (AC +1, EV +1)))
((You are camouflaged when in or above water. (Stealth+)))
((You have tentacles for arms and can constrict up to eight enemies at once.))


Message History

The orc wizard flickers and vanishes!
Deactivating autopickup; reactivate with Ctrl-A.
The adder misses you.
The endoplasm hits you but does no damage.
You hit the adder but do no damage. The adder barely misses you.
The orc hits you with a +0 club. The endoplasm misses you.
You closely miss the adder. The adder closely misses you.
The orc hits you with a +0 club. The endoplasm freezes you.
You are frozen.
You hit the adder. The adder bites you.
You are poisoned.
The adder poisons you!
You hit the adder but do no damage.
The adder looks as sick as possible!
You feel very sick. The adder closely misses you. The orc misses you.
An orc opens the door.
The endoplasm hits you.
You closely miss the adder.
You feel very sick. The adder closely misses you. The orc barely misses you.
The endoplasm freezes you.
You are frozen.
The adder misses you.
You barely miss the adder.
You feel sick. The endoplasm freezes you.
You are frozen.
The adder bites you.
* * * LOW HITPOINT WARNING * * *
You bite the adder!
You feel a bit better.
You kill the adder!
You feel sick. The endoplasm freezes you.
You are frozen.
* * * LOW HITPOINT WARNING * * *
You hit the endoplasm.
You hiss as the wereblood boils in your veins!
* * * LOW HITPOINT WARNING * * *
You feel sick. The endoplasm freezes you.
You are frozen.
You die...
Your body crumbles into a pile of gold.

###+# #....###
#...(..##############
#...................#
#.................#
#.oos.............#
#...J#####........#
#...oo............#
#......######.......#
#.##.... #.......# #
##... #####.### )...
#.# ##### #.#
###########.#


You could see 4 orcs and an endoplasm.

Vanquished Creatures
  Crazy Yiuf (D:2)
  An adder (D:3)
  2 dart slugs (D:1)
  5 endoplasms
  2 giant cockroaches
  5 goblins
  4 hobgoblins
  3 jackals (D:2)
  2 quokkas
  2 ball pythons
  7 bats
  2 frilled lizards
  6 kobolds
  4 rats
46 creatures vanquished.

Notes
Turn   | Place    | Note
-------+----------+-------------------------------------------
     0 | D:1      | Colgate the Octopode Transmuter began the quest for the
                  | Orb.
     0 | D:1      | Reached XP level 1. HP: 13/13 MP: 3/3
   149 | D:1      | Reached XP level 2. HP: 18/18 MP: 3/5
   152 | D:1      | Learned a level 2 spell: Wereblood
   554 | D:1      | Reached skill level 4 in Unarmed Combat
   608 | D:1      | Found a faded altar of an unknown god.
   616 | D:1      | Prayed at the altar of an unknown god.
   616 | D:1      | Became a worshipper of Gozag Ym Sagoz the Greedy
   618 | D:1      | You fall into a shaft and drop 1 floor!
   769 | D:1      | Reached XP level 3. HP: 22/23 MP: 2/6
   770 | D:1      | Reached skill level 1 in Stealth
   774 | D:1      | Learned a level 3 spell: Spider Form
  1500 | D:2      | Found a runed translucent door.
  1501 | D:2      | Noticed Crazy Yiuf
  1586 | D:2      | Noticed Sigmund
  2154 | D:2      | Killed Crazy Yiuf
  2155 | D:2      | Reached XP level 4. HP: 28/28 MP: 3/7
  2623 | D:3      | HP: 1/28 [poisoned by an adder]
  2623 | D:3      | Frozen to death by an endoplasm

Illustrated notes

Levels and vault maps discovered:
D:1:      lemuel_arrival_rhombus, layout_basic,
          hellmonk_ecumenical_altar_crossroads
D:2:      layout_basic, uniq_crazy_yiuf_cottage, uniq_sigmund
D:3:      layout_basic, uniq_ijyb

Skill      XL: |  1  2  3 |
---------------+----------+-----
Unarmed Combat | 4 |  4.0
Stealth        | 1 |  1.3
Transmutations | 3 |  3.5
Fighting       | |  1.0
Dodging        | |  2.0
Spellcasting   | |  2.0

Action                   |  1- 3 |  4- 6 || total
-------------------------+-------+-------++-------
Melee: Unarmed           |    70 |    18 ||    88
       Kick              |    17 |       ||    17
       Constrict         |    14 |       ||    14
       Tentacles         |     7 |       ||     7
 Cast: Beastly Appendage |    15 |       ||    15
       Wereblood         |     6 |     2 ||     8
       Spider Form       |    11 |     6 ||    17
 Abil: End Transformatio |       |     2 ||     2
 Stab: Sleeping          |     4 |     1 ||     5
Armor: Skin              |     5 |     2 ||     7
Dodge: Dodged            |    41 |    19 ||    60

Table legend: (Time is in decaauts)
 A = Elapsed time spent in this place.
 B = Non-inter-level travel time spent in this place.
 C = Inter-level travel time spent in this place.
 D = Time resting spent in this place.
 E = Time spent auto-exploring this place.
 F = Levels seen in this place.
 G = Mean time per level.
                   A        B        C        D        E       F      G
               +--------+--------+--------+--------+--------+-----+--------+
         Total |   2615 |   2542 |     73 |    243 |   1929 |   3 |  871.7 |
       Dungeon |   2615 |   2542 |     73 |    243 |   1929 |   3 |  871.7 |
               +--------+--------+--------+--------+--------+-----+--------+

Top non-repeatable levels by time:
     D:2: 1172 daAuts
     D:1: 1091 daAuts
     D:3: 351 daAuts
